 Dungeon Crawl Stone Soup version 0.26-a0-652-gafc20e3620 (webtiles) character file.

Game seed: 4523710403116166622

17441 ringo67 the Fighter (level 12, -1/137 HPs)
             Began as an Ogre Hunter on Oct 2, 2020.
             Was a High Priest of Okawaru.
             Slain by a black mamba (13 damage)
             ... on level 4 of the Lair of Beasts on Oct 3, 2020.
             The game lasted 00:43:40 (19785 turns).

ringo67 the Fighter (Ogre Hunter)                  Turns: 19785, Time: 00:43:41

Health: -1/137     AC: 15    Str: 23    XL:     12   Next: 48%
Magic:  15/15      EV: 13    Int: 12    God:    Okawaru [*****.]
Gold:   848        SH:  0    Dex:  9    Spells: 11/11 levels left

rFire    + . .     SeeInvis .   r - +6 spear (venom)
rCold    . . .     Faith    .   (no shield)
rNeg     . . .     Spirit   .   R - +2 robe {rF+}
rPois    .         Reflect  .   (helmet restricted)
rElec    .         Harm     .   x - +1 cloak
rCorr    .         Rampage  .   (gloves unavailable)
MR       +....                  (boots unavailable)
Stlth    +.........             (no amulet)
HPRegen  0.32/turn              J - +4 ring of protection
MPRegen  0.14/turn              o - +4 ring of protection

@: no status effects
A: large, unfitting armour, tough skin 1
a: Heroism, Finesse, Renounce Religion


You were on level 4 of the Lair of Beasts.
You worshipped Okawaru.
Okawaru was extremely pleased with you.
You visited 3 branches of the dungeon, and saw 14 of its levels.
You also visited: Sewer.

You collected 848 gold pieces.

Inventory:

Hand Weapons
 i - a +1 whip of electrocution
 r - a +6 spear of venom (weapon)
 w - a +0 giant club
 Q - a +0 giant spiked club
 V - the cursed +3 halberd of the Spinneret {drain, Stlth+, unknown}
   (You found it on level 2 of the Lair of Beasts)

   A truly terrible weapon, it drains the life of those it strikes.
   It makes you more stealthy.
   It has a curse placed upon it.
Missiles
 c - 2 large rocks (quivered)
 d - 2 throwing nets
 k - 38 poisoned darts
 S - 5 atropa-tipped darts
 U - 10 silver javelins
Armour
 q - a scarf of shadows
 x - a +1 cloak (worn)
 R - a +2 robe of fire resistance (worn)
Jewellery
 e - a +6 ring of strength
 o - a +4 ring of protection (right hand)
 v - an uncursed ring of positive energy
 A - a +6 ring of dexterity
 J - a +4 ring of protection (left hand)
 O - an uncursed ring of see invisible
Wands
 b - a wand of acid (6)
 t - a wand of paralysis (8)
 u - a wand of flame (28)
 E - a wand of disintegration (8)
 N - a wand of digging (6)
Scrolls
 j - 4 scrolls of fog
 l - 2 scrolls of blinking
 n - 10 scrolls of teleportation
 p - 7 scrolls of remove curse
 y - 3 scrolls of magic mapping
 C - 3 scrolls of amnesia
 M - 4 scrolls of enchant armour
 W - a scroll of enchant weapon
 Y - a scroll of identify
Potions
 a - 9 potions of curing
 f - 5 potions of mutation
 g - a potion of haste {unknown}
 h - a potion of flight {unknown}
 m - 5 potions of might
 z - a potion of lignification {unknown}
 B - a potion of stabbing {unknown}
 D - a potion of heal wounds
 F - a potion of resistance {unknown}
 G - 2 potions of magic {unknown}
 H - a potion of cancellation {unknown}
 K - a potion of brilliance {unknown}
 L - a potion of invisibility {unknown}
 P - a potion of berserk rage {unknown}


   Skills:
 + Level 13.7 Fighting
 + Level 12.8 Maces & Flails
 - Level 10.3 Throwing
 + Level 7.9 Dodging
 - Level 0.6 Stealth
 + Level 4.9 Invocations


You had 11 spell levels left.
You didn't know any spells.
Your spell library contained the following spells:

 Spells                   Type           Power        Failure   Level
 Corona                   Hex            #......      32%         1
 Summon Small Mammal      Summ           #...         32%         1
 Call Imp                 Summ           #.......     45%         2
 Ensorcelled Hibernation  Hex/Ice        #.....       45%         2
 Call Canine Familiar     Summ           #.......     69%         3
 Confusing Touch          Hex            #.......     69%         3
 Dazzling Flash           Conj/Hex       #.....       69%         3
 Summon Guardian Golem    Hex/Summ       #.......     69%         3
 Tukima's Dance           Hex            #.......     69%         3
 Summon Ice Beast         Ice/Summ       #.......     97%         4
 Summon Lightning Spire   Summ/Air       #.......     97%         4
 Silence                  Hex/Air        #.........   100%        5
 Conjure Ball Lightning   Conj/Air       #.........   100%        6
 Tornado                  Air            #.........   100%        9


Dungeon Overview and Level Annotations

Branches:
Dungeon (9/15)             Temple (1/1) D:7            Lair (4/6) D:9
  Snake (0/4) Lair:3        Sewer (visited)
  Swamp: Lair:2-4    Shoals: Lair:2-4       Orc: D:9-12

Altars:
Ashenzari
Cheibriados
Dithmenos
Elyvilon
Fedhas
Gozag
Hepliaklqana
Kikubaaqudgha
Makhleb
Nemelex Xobeh
Okawaru
Qazlal
Ru
Uskayaw
Vehumet
Wu Jian
Xom
Zin
The Shining One

Shops:
D:5 (


Innate Abilities, Weirdness & Mutations

You are too large for most types of armour.
You have tough skin. (AC +1)


Message History

The black mamba barely misses you.
You feel better. The black mamba bites you!
* * * LOW HITPOINT WARNING * * *
The black mamba closely misses you.
Throwing (i - inventory. (/) - cycle)
c - 4 large rocks (quivered)
Press: ? - help, Shift-Dir - straight line, f/p - black mamba
Aim: a black mamba (severely wounded)
You throw a large rock.
The large rock closely misses the black mamba.
The black mamba bites you but does no damage.
The black mamba bites you!
* * * LOW HITPOINT WARNING * * *
Throwing (i - inventory. (/) - cycle)
c - 3 large rocks (quivered)
Press: ? - help, Shift-Dir - straight line, f/p - black mamba
Aim: a black mamba (severely wounded)
You throw a large rock. The large rock hits the black mamba.
The black mamba is severely wounded.
The black mamba bites you but does no damage.
The black mamba bites you!
You die...

## #.# .. #.. #.P #.#
...#########..
#..#...P##..######
###.....P###.S.##.##
#........#.#.@.....#
##.....<>..#......##
##[............#....##
###(.P..........=###)..#
#≈≈#≈#.....÷.....# #...##
≈P.≈.≈...........##......
≈≈.≈≈≈≈≈≈≈........#.....##
.≈≈≈≈≈≈≈≈≈.............##
.≈≈≈≈≈≈≈≈≈.............#.


You could see a black mamba.

Vanquished Creatures
  A hydra (Lair:2)
  Erica (D:9)
  A two-headed ogre (D:8)
  Urug (Lair:1)
  Nergalle (Lair:1)
  A black mamba (Lair:1)
  3 cane toads
  A komodo dragon (Lair:1)
  A merfolk (Lair:4)
  7 blink frogs
  5 hippogriffs
  19 yaks
  Eustachio (D:4)
  2 basilisks
  5 water moccasins
  3 porcupines
  An orc warrior (D:9)
  2 ice beasts
  4 black bears
  The ghost of Kaletam the Skirmisher, an amateur DrAK of Lugonu (D:3)
  2 sky beasts (D:7)
  2 ogres
  A phantom (D:7)
  14 wolves
  A centaur (D:9)
  6 crocodiles
  19 bullfrogs
  A wyvern skeleton (D:9)
  7 scorpions
  8 killer bees (D:9)
  8 wights
  A howler monkey (D:4)
  A crimson imp (D:4)
  A bullfrog zombie (D:5)
  A centaur zombie (D:9)
  A jelly (D:5)
  7 hounds
  A bullfrog skeleton (D:4)
  5 orc priests
  2 iguanas
  4 worker ants
  5 orc wizards
  A killer bee zombie (D:6)
  A hound zombie (D:7)
  A hound skeleton (D:7)
  A worker ant zombie (D:7)
  A howler monkey zombie (D:5)
  13 gnolls
  13 adders
  A howler monkey skeleton (D:7)
  3 river rats (Sewer)
  A shadow imp (D:9)
  3 white imps
  2 ufetubi
  4 oozes
  An adder zombie (D:7)
  2 adder skeletons
  2 worms (D:2)
  2 dart slugs
  7 leopard geckos
  36 orcs
  12 ball pythons
  11 giant cockroaches
  5 goblins
  4 hobgoblins
  9 jackals
  6 quokkas
  8 bats
  4 frilled lizards
  A goblin skeleton (D:4)
  4 goblin zombies (D:4)
  9 kobolds
  3 kobold skeletons (D:4)
  A kobold zombie (D:4)
  A leopard gecko zombie (D:6)
  An orc skeleton (D:4)
  An orc zombie (D:4)
  A quokka zombie (D:7)
  29 rats
364 creatures vanquished.

Vanquished Creatures (others)
  12 fungi
  21 plants
33 creatures vanquished.

Grand Total: 397 creatures vanquished

Notes
Turn   | Place    | Note
-------+----------+-------------------------------------------
     0 | D:1      | ringo67 the Ogre Hunter began the quest for the Orb.
     0 | D:1      | Reached XP level 1. HP: 22/22 MP: 1/1
   225 | D:1      | Reached skill level 3 in Fighting
   236 | D:1      | Reached XP level 2. HP: 17/31 MP: 2/2
  1134 | D:1      | Reached XP level 3. HP: 34/37 MP: 3/3
  1536 | D:2      | Reached skill level 1 in Maces & Flails
  1599 | D:2      | Reached skill level 4 in Fighting
  1605 | D:2      | Reached XP level 4. HP: 45/48 MP: 4/4
  2047 | D:2      | Found a sacrificial altar of Ru.
  2048 | D:2      | Found a hide-covered altar of Uskayaw.
  2048 | D:2      | Found a white marble altar of Elyvilon.
  2282 | D:2      | Found an ornate altar of the Wu Jian Council.
  2477 | D:3      | Reached XP level 5. HP: 54/55 MP: 5/5
  2579 | D:3      | Found a snail-covered altar of Cheibriados.
  2589 | D:3      | Reached skill level 5 in Throwing
  2777 | D:3      | Found a radiant altar of Vehumet.
  2842 | D:3      | Reached skill level 5 in Fighting
  2945 | D:3      | Found a transporter.
  2945 | D:3      | Found a transporter.
  2955 | D:3      | Noticed Kaletam's ghost (amateur DrAK)
  3162 | D:3      | Reached XP level 6. HP: 60/66 MP: 6/6
  3512 | D:3      | Killed Kaletam's ghost
  3857 | D:4      | Reached skill level 6 in Fighting
  3857 | D:4      | Reached XP level 7. HP: 75/75 MP: 7/7
  3889 | D:4      | Found a glowing golden altar of the Shining One.
  4196 | D:4      | Noticed Eustachio
  4226 | D:4      | Killed Eustachio
  4226 | D:4      | Reached skill level 7 in Fighting
  4310 | D:4      | Reached skill level 5 in Maces & Flails
  4747 | D:5      | Entered Level 5 of the Dungeon
  4965 | D:5      | Found a blossoming altar of Fedhas.
  4979 | D:5      | Reached XP level 8. HP: 76/87 MP: 8/8
  5401 | D:5      | Got an ivory quarterstaff
  5621 | D:5      | Found Voxapn Qucs's Weapon Shop.
  5644 | D:5      | Identified the +8 quarterstaff of Cuforuatix {pain, rC+
                  | Str+9} (You found it on level 5 of the Dungeon)
  5754 | D:6      | Found a glowing drain.
  5778 | Sewer    | Entered a sewer
  6106 | Sewer    | Reached skill level 8 in Fighting
  6349 | D:6      | Noticed a vampire
  6687 | D:6      | Found a shimmering altar of Xom.
  6693 | D:6      | Reached XP level 9. HP: 96/97 MP: 9/9
  6705 | D:6      | Reached skill level 9 in Fighting
  7975 | D:7      | Found a staircase to the Ecumenical Temple.
  7986 | Temple   | Entered the Ecumenical Temple
  8145 | Temple   | Became a worshipper of Warmaster Okawaru
  8910 | D:7      | Reached skill level 10 in Fighting
  8929 | D:7      | Reached * piety under Okawaru
  9753 | D:8      | Reached skill level 1 in Invocations
 10016 | D:9      | Found a staircase to the Lair.
 10051 | D:9      | Reached XP level 10. HP: 57/111 MP: 11/11
 10255 | D:9      | Noticed Erica
 10287 | D:9      | Noticed a two-headed ogre
 10314 | D:8      | Killed a two-headed ogre
 10314 | D:8      | Reached ** piety under Okawaru
 10554 | D:9      | Killed Erica
 11235 | D:9      | Reached skill level 11 in Fighting
 11443 | D:9      | Reached *** piety under Okawaru
 11674 | D:9      | Reached skill level 10 in Maces & Flails
 12267 | Lair:1   | Entered Level 1 of the Lair of Beasts
 12275 | Lair:1   | Reached skill level 5 in Dodging
 12284 | Lair:1   | Received a gift from Okawaru
 12326 | Lair:1   | Reached XP level 11. HP: 69/120 MP: 14/14
 12756 | Lair:1   | Noticed Nergalle
 12778 | Lair:1   | Killed Nergalle
 12778 | Lair:1   | Received a gift from Okawaru
 12788 | Lair:1   | Noticed Urug
 12824 | Lair:1   | Killed Urug
 13046 | Lair:1   | Received a gift from Okawaru
 13100 | Lair:1   | Reached skill level 12 in Fighting
 13106 | Lair:1   | Reached skill level 10 in Throwing
 13480 | Lair:1   | You fall into a shaft and drop 1 floor!
 13482 | Lair:2   | Got a warped halberd
 13616 | Lair:2   | Reached **** piety under Okawaru
 14574 | Lair:1   | Received a gift from Okawaru
 15736 | Lair:2   | Reached ***** piety under Okawaru
 16344 | Lair:2   | Reached XP level 12. HP: 112/133 MP: 15/15
 16606 | Lair:2   | Noticed a six-headed hydra
 17066 | Lair:2   | Killed a six-headed hydra
 17066 | Lair:2   | Reached skill level 13 in Fighting
 17651 | Lair:3   | Received a gift from Okawaru
 18883 | Lair:3   | Found a staircase to the Snake Pit.
 19549 | Lair:4   | Received a gift from Okawaru
 19781 | Lair:4   | HP: 3/137 [black mamba (18)]
 19785 | Lair:4   | Slain by a black mamba

Illustrated notes

Levels and vault maps discovered:
D:1:      psy_arrival_terrarium, layout_loops_corners
D:2:      layout_rooms, old_standard_altar, gammafunk_temple_overflow_claw,
          minmay_fractal_squares_5
D:3:      layout_rooms, vehumet_crystals, lemuel_crystal_altar,
          gammafunk_ghost_gnarly_gnolls
D:4:      layout_gridville, nicolae_tso_besieged_by_evil,
          kennysheep_cluttered_room, grunt_decor_mini_mirrors, uniq_eustachio
D:5:      layout_rooms, fedhas_altar_3, serial_shops, shop
D:6:      cheibrodos_barr_body, layout_rooms, xom_teletrap_fun,
          gup_sewer_entry_pipe
D:7:      kennysheep_spiral_hall, layout_loops_ring,
          minmay_temple_entry_proselytizer
D:8:      black_bear_nest_1, layout_basic
D:9:      layout_irregular_city, lair_entry_dummy, uniq_erica
Temple:   nicolae_temple_figure_eight
Lair:1:   layout_regular_city, uniq_urug, uniq_nergalle
Lair:2:   layout_loops_ring, beast_lair_carwin_10
Lair:3:   layout_cave_pods, dummy_snake_entry
Lair:4:   layout_hall_layers, elwin_shoals_entry_stream, serial_bayou_shore_a,
          infiniplex_staircase_pool_2

Skill      XL: |  1  2  3  4  5  6  7  8  9 10 11 12 |
---------------+-------------------------------------+-----
Fighting       | 3 4 5 6 7 8 10 11 12 13 | 13.7
Maces & Flails | 1 2 3 5 7 9 10 11 12 | 12.8
Throwing       | 5 6 7 8 9 10 | 10.3
Dodging        | 3 5 6 7 |  7.9
Invocations    | 2 4 |  4.9
Stealth        | |  0.6

Action                   |  1- 3 |  4- 6 |  7- 9 | 10-12 || total
-------------------------+-------+-------+-------+-------++-------
Melee: Short sword       |    25 |       |       |       ||    25
       Whip              |    88 |   106 |       |       ||   194
       Spear             |       |    56 |   566 |   635 ||  1257
       Punch             |       |       |       |     1 ||     1
Throw: Large rock        |     6 |     2 |       |    22 ||    30
       Stone             |    24 |    26 |    12 |     2 ||    64
       Dart              |       |       |       |    25 ||    25
Invok: Heroism           |       |       |       |     3 ||     3
  Use: Scroll            |       |       |    10 |    10 ||    20
       Potion            |       |       |       |     4 ||     4
 Stab: Sleeping          |       |     1 |     3 |       ||     4
Armor: Robe              |    55 |    61 |   321 |   341 ||   778
Dodge: Dodged            |    85 |    66 |   331 |   451 ||   933

Table legend: (Time is in decaauts)
 A = Elapsed time spent in this place.
 B = Non-inter-level travel time spent in this place.
 C = Inter-level travel time spent in this place.
 D = Time resting spent in this place.
 E = Time spent auto-exploring this place.
 F = Levels seen in this place.
 G = Mean time per level.
                   A        B        C        D        E       F      G
               +--------+--------+--------+--------+--------+-----+--------+
         Total |  19972 |  19395 |    577 |   8265 |   6508 |  15 | 1331.5 |
       Dungeon |  12071 |  11623 |    448 |   4235 |   4722 |   9 | 1341.2 |
        Temple |    176 |    160 |     16 |      0 |    150 |   1 |  176.0 |
          Lair |   7256 |   7143 |    113 |   3959 |   1619 |   4 | 1814.0 |
         Sewer |    468 |    468 |      0 |     70 |     16 |   1 |  468.0 |
               +--------+--------+--------+--------+--------+-----+--------+

Top non-repeatable levels by time:
  Lair:1: 2643 daAuts
  Lair:2: 2312 daAuts
     D:9: 2087 daAuts
  Lair:3: 2008 daAuts
     D:3: 1461 daAuts
     D:4: 1457 daAuts
     D:1: 1451 daAuts
     D:8: 1328 daAuts
     D:5: 1213 daAuts
     D:6: 1071 daAuts
     D:7: 1048 daAuts
     D:2: 951 daAuts
   Sewer: 468 daAuts
  Lair:4: 292 daAuts
  Temple: 176 daAuts
